 Dungeon Crawl Stone Soup version 0.21-a0-278-ga722497 (webtiles) character file.

63 epen the Skirmisher (level 3, -2/30 HPs)
             Began as a Draconian Wanderer on Sept 23, 2017.
             Slain by a kobold
             ... wielding a +0 short sword
              (8 damage)
             ... on level 1 of the Dungeon.
             The game lasted 00:02:14 (1165 turns).

epen the Skirmisher (Draconian Wanderer)            Turns: 1165, Time: 00:02:15

Health: -2/30      AC:  5    Str: 13    XL:     3   Next: 89%
Magic:  6/6        EV: 12    Int: 11    God:
Gold:   60         SH:  0    Dex: 13    Spells: 6/6 levels left

rFire    . . .     SeeInvis .   a - +2 spear
rCold    . . .     Gourm    .   (no shield)
rNeg     . . .     Faith    .   (armour unavailable)
rPois    .         Spirit   .   (helmet restricted)
rElec    .         Reflect  .   (no cloak)
rCorr    .         Harm     .   (no gloves)
MR       .....                  (no boots)
Stlth    ++........             (no amulet)
HPRegen  0.10/turn              (no ring)
MPRegen  0.10/turn              (no ring)

@: no status effects
A: unfitting armour, cold-blooded, AC +5
a: no special abilities


You were on level 1 of the Dungeon.
You were not hungry.

You visited 1 branch of the dungeon, and saw 2 of its levels.

You collected 60 gold pieces.

Inventory:

Hand Weapons
 a - a +2 spear (weapon)
Scrolls
 c - 2 scrolls of teleportation
 e - a scroll of blinking {unknown}
 g - a scroll of noise {unknown}
 k - 2 scrolls of immolation {unknown}
 l - a scroll of remove curse {unknown}
 m - a scroll of identify {unknown}
 p - a scroll of random uselessness {unknown}
Potions
 h - a potion of curing {unknown}
 j - a potion of flight {unknown}
 n - a potion of lignification {unknown}
Books
 b - the Disquisition on Evil

   Spells                             Type                      Level
   a - Corpse Rot                     Necromancy                   2
   b - Sublimation of Blood           Necromancy                   2
Comestibles
 d - 2 royal jellies
 f - 2 bread rations
 o - a meat ration


   Skills:
 + Level 2.8 Fighting
 * Level 2.7 Polearms
 + Level 2.0 Dodging
 - Level 1.7 Stealth
 - Level 2.0 Spellcasting
   Level 1.0 Translocations
   Level 1.0 Evocations


You had 6 spell levels left.
You didn't know any spells.

Dungeon Overview and Level Annotations

Branches:
Dungeon (2/15)

Altars:


Innate Abilities, Weirdness & Mutations

Your plain brown scales are hard. (AC +5)
You cannot fit into any form of body armour.
You are cold-blooded and may be slowed by cold attacks.


Message History

You tail-slap the kobold, but do no damage.
The kobold is severely wounded.
The kobold hits you with a short sword.
* * * LOW HITPOINT WARNING * * *
Things that are here:
an enchanted dagger; a club
Things that are here:
an enchanted dagger; a club
Press: ? - help, v - describe, . - travel
Here: a kobold, wielding a short sword and wearing a robe (moderately wounded)
The floor.
Unknown command.
Things that are here:
an enchanted dagger; a club You hit the kobold but do no damage.
Your tail-slap misses the kobold.
The kobold hits you with a short sword.
* * * LOW HITPOINT WARNING * * *
You barely miss the kobold. The kobold hits you but does no damage.
The kobold hits you with a short sword!
You die...

############ #########
#..........###### #........
#.#.............####.#######
#....#####.####.##......# #
#####..#........# #.##.#.##.# #
##....>...#####..###.##.#.##.# #
#...##.#.## #..........#.##.# #
#...##.#.#####.K..........##.## #
.........##....#@###.######...###
..........#.####.# #.# #...#....
..........#.# #.# #.# #.#...##.
#...##.#..#)# #.# #.# #.≈≈≈≈≈≈.
#...##.#..#.####.###.# ##≈≈≈≈≈≈.≈
##.###.#.............###≈≈≈≈≈≈.≈≈
#.# #....#.####.######≈≈≈8≈≈)≈≈≈
#.# ####.#.# ##.# ##≈≈≈≈≈.≈≈≈≈
#.# #.#.###..#####.≈≈≈≈.≈≈≈≈≈


You could see a kobold.

Vanquished Creatures
  2 adders
  4 dart slugs (D:1)
  2 leopard geckos
  5 giant cockroaches (D:1)
  7 goblins (D:1)
  2 hobgoblins (D:1)
  A ball python (D:1)
  4 bats
  3 frilled lizards
  A kobold (D:1)
  A rat (D:1)
32 creatures vanquished.

Notes
Turn   | Place    | Note
-------+----------+-------------------------------------------
     0 | D:1      | epen the Draconian Wanderer began the quest for the Orb.
     0 | D:1      | epen set off with: a +2 spear, the Disquisition on Evil, a scroll of teleportation, a +0 dagger, a bread ration
     0 | D:1      | Reached XP level 1. HP: 17/17 MP: 3/3
     0 | D:1      | Identified the Disquisition on Evil
   137 | D:1      | Reached XP level 2. HP: 22/25 MP: 5/5
   377 | D:1      | Reached XP level 3. HP: 29/30 MP: 6/6
  1165 | D:1      | Slain by a kobold

Vault maps used:
D:1:      nzn_arrival_water_spiral, minmay_tetromino_o4
D:2:      old_standard_altar, first_bread

Skill      XL: |  1  2  3 |
---------------+----------+-----
Polearms       | 2 |  2.7
Dodging        | 2 |  2.0
Fighting       | |  2.8
Stealth        | |  1.7
Spellcasting   | |  2.0
Translocations | |  1.0
Evocations     | |  1.0

Action                   || total
-------------------------++-------
Melee: Spear             ||   116
       Tailslap          ||     9
 Stab: Distracted        ||     1
       Sleeping          ||     3
  Eat: Chunk             ||     1
Armor: Skin              ||    22
Dodge: Dodged            ||    50

Table legend:
 A = Spawn XP
 B = Non-spawn XP
 C = Spawn XP percentage of total XP
 D = Spawn monster count
 E = Non-spawn monster count
 F = Spawn count percentage of total count
 G = Total turns spent on level
                    A         B        C        D         E        F      G
               +---------+---------+-------+---------+---------+-------+---------
         Total |       0 |      91 |   0.0 |       0 |      32 |   0.0 |  1165
               +---------+---------+-------+---------+---------+-------+---------
           D:1 |       0 |      70 |   0.0 |       0 |      27 |   0.0 |   864
           D:2 |       0 |      21 |   0.0 |       0 |       5 |   0.0 |   301
               +---------+---------+-------+---------+---------+-------+---------
